 Dungeon Crawl Stone Soup version 0.29-a0-378-gc08b2e8bf8 (webtiles) character file.

Game seed: 13433188923724464942

1692 Zdenda the Blocker (level 8, -6/62 HPs)
             Began as a Demonspawn Monk on May 4, 2022.
             Killed from afar by an electric eel (14 damage)
             ... with a bolt of electricity
             ... on level 6 of the Dungeon.
             The game lasted 00:08:52 (5086 turns).

Zdenda the Blocker (Demonspawn Monk)                Turns: 5086, Time: 00:08:53

Health: -6/62      AC: 12    Str: 19      XL:     8   Next: 72%
Magic:  8/8        EV:  6    Int: 13      God:
Gold:   261        SH: 10    Dex: 13 (15) Spells: 7/7 levels left

rFire   . . .      SeeInvis .   l - +2 dagger (drain)
rCold   . . .      Faith    .   x - +0 kite shield
rNeg    + . .      Spirit   .   h - +2 chain mail {rN+}
rPois   .          Reflect  .   (no helmet)
rElec   .          Harm     .   t - +0 cloak
rCorr   .          Rampage  .   A - +0 pair of gloves
Will    .....                   (no boots)
Stlth   ..........              (no amulet)
HPRegen 0.20/turn               d - +6 ring of strength
MPRegen 0.22/turn               y - ring of wizardry

@: very slow
A: powered by death 2, magic regeneration, weakness stinger 1
a: no special abilities


You were on level 6 of the Dungeon.
You visited 1 branch of the dungeon, and saw 6 of its levels.
You also visited: Ossuary.

You collected 261 gold pieces.

Inventory:

Hand Weapons
 a - a +0 vorpal falchion
 l - a +2 dagger of draining (weapon)
   (You took it off a kobold on level 1 of the Dungeon)
Missiles
 q - 6 curare-tipped darts (quivered) {!f}
Armour
 h - a +2 chain mail of positive energy (worn)
   (You found it on level 1 of the Dungeon)
 r - the +0 ring mail of Ined {Will+ Dex+2}
   (You found it on level 2 of the Dungeon)

   Dex:       It affects your dexterity (+2).
   Will:      It increases your willpower.
 t - a +0 cloak (worn)
   (You found it on level 3 of the Dungeon)
 x - a +0 kite shield (worn)
   (You found it on level 4 of the Dungeon)
 z - the +1 leather armour of Shadows and Fog {rPois MP+9}
   (You found it on level 4 of the Dungeon)

   rPois:     It protects you from poison.
   MP:        It affects your magic capacity (+9).
 A - a +0 pair of gloves (worn)
   (You found it on level 4 of the Dungeon)
 D - the +0 helmet "Dettyele" {Harm rCorr Dex+2}
   (You found it on level 5 of the Dungeon)

   Dex:       It affects your dexterity (+2).
   rCorr:     It protects you from acid and corrosion.
   Harm:      It increases damage dealt and taken.
Magical Staves
 g - a staff of death
   (You found it on level 1 of the Dungeon)
Jewellery
 d - a +6 ring of strength (left hand)
   (You found it on level 1 of the Dungeon)
 y - a ring of wizardry (right hand)
   (You found it on level 4 of the Dungeon)
Wands
 v - a wand of digging (5)
   (You found it on level 3 of the Dungeon)
Scrolls
 b - a scroll of torment {unknown}
 e - a scroll of enchant weapon
 i - 7 scrolls of teleportation {unknown}
 k - a scroll of brand weapon
 m - a scroll of fog
 p - a scroll of fear {unknown}
 s - a scroll of magic mapping {unknown}
 u - a scroll of enchant armour {unknown}
 B - a scroll of immolation {unknown}
Potions
 c - a potion of ambrosia
 f - 5 potions of attraction {!q}
 j - 3 potions of curing {@q1}
 n - 4 potions of haste {@q3}
 o - 2 potions of mutation {!q}
 w - 2 potions of flight
 C - 2 potions of cancellation {unknown}
 E - a potion of magic {unknown}


   Skills:
 - Level 5.0 Fighting
 - Level 4.5(5.0) Short Blades
 - Level 2.6(4.0) Long Blades
 - Level 2.6 Dodging
 - Level 1.7 Stealth
 + Level 8.2 Shields


You had 7 spell levels left.
You didn't know any spells.
Your spell library contained the following spells:

 Spells                   Type           Power      Damage    Failure   Level
 Gell's Gravitas          Tloc           0%         N/A       100%        3
 Lesser Beckoning         Tloc           0%         N/A       100%        3
 Teleport Other           Tloc           0%         N/A       100%        3


Dungeon Overview and Level Annotations

Branches:
Dungeon (6/15)            Ossuary (visited)
 Temple: D:4-7

Altars:
Trog

Annotations:
D:4 1 transporter, spaghetti's ghost, amateur OpCK


Innate Abilities, Weirdness & Mutations

You regenerate health from kills.
You regenerate magic rapidly.
You have a small tail.


Message History

You see here a bullfrog corpse.
The electric eel shoots out a bolt of lightning at you!
The bolt of electricity hits you!
You are too injured to fight recklessly!
You are too injured to fight recklessly!
You are too injured to fight recklessly!
You are too injured to fight recklessly!
You are too injured to fight recklessly!
You are too injured to fight recklessly!
You are too injured to fight recklessly!
You are too injured to fight recklessly!
You are too injured to fight recklessly!
You are too injured to fight recklessly!
You are too injured to fight recklessly!
You enter the shallow water.
Moving in this stuff is going to be slow.
A dart slug comes into view.
The electric eel shoots out a bolt of lightning at you!
The bolt of electricity hits you! x2
* * * LOW HITPOINT WARNING * * *
The bolt of electricity hits the electric eel.
The electric eel completely resists.
Your unstable footing causes you to fumble your attack.
Your unstable footing causes you to fumble your attack.
You barely miss the electric eel.
The electric eel shoots out a bolt of lightning at you!
The bolt of electricity hits you!
* * * LOW HITPOINT WARNING * * *
The bolt of electricity hits you!
* * * LOW HITPOINT WARNING * * *
The bolt of electricity misses the electric eel.
The dart slug launches a dart at you. The slug dart hits you.
* * * LOW HITPOINT WARNING * * *
You miss the electric eel. The dart slug launches a dart at you.
The slug dart hits you but does no damage.
Your unstable footing causes you to fumble your attack.
You miss the electric eel.
Unknown command.
Your unstable footing causes you to fumble your attack.
The dart slug launches a dart at you. The slug dart misses you.
Your unstable footing causes you to fumble your attack.
Your unstable footing causes you to fumble your attack.
Unknown command.
Your unstable footing causes you to fumble your attack.
The electric eel shoots out a bolt of lightning at you!
The bolt of electricity hits you!
You die...

.......'.##..# .#
...#...###..####.#
...##..##..####..# .
##.###.#..####..# ..
#.'.##..## #..## ##..#
##.###....# #..# ##.w.#
.#.##..#).###.†##≈≈.# #
...#..##.)....#.≈≈≈#≈≈≈.
#....###)#....≈≈@≈≈≈≈≈≈≈
##...# #.†...≈≈≈S#.$≈≈≈≈
#...####)##.≈#≈≈w..$≈≈≈
#.........#≈≈≈≈≈≈..≈≈≈≈
#.........≈≈≈≈≈≈≈≈.≈≈#≈
#........†≈≈≈#≈≈≈... ≈≈
##.###.....≈≈≈≈≈≈⌠<=≈ ≈
.....[...≈≈≈≈≈≈≈.!(≈≈
........≈≈≈≈≈≈≈


You could see an electric eel and 2 dart slugs.

Vanquished Creatures
  Grinder (D:6)
  Eustachio (D:6)
  Edmund (D:6)
  An ogre (D:5)
  2 centaurs
  Blork the orc (D:5)
  A bullfrog (D:6)
  2 elf zombies (Ossuary)
  5 scorpions
  3 hounds
  An orc priest (D:6)
  4 iguanas
  5 mummies
  3 adders
  2 adder zombies (Ossuary)
  5 worms
  8 dart slugs
  8 orcs
  8 ball pythons
  8 endoplasms
  2 giant cockroaches
  9 goblins
  7 hobgoblins
  6 jackals
  12 kobolds
  5 quokkas
  4 bats
  6 frilled lizards
  2 goblin zombies
  4 kobold zombies
  3 orc zombies (Ossuary)
  6 rats
  A rat zombie (Ossuary)
137 creatures vanquished.

Notes
Turn   | Place    | Note
-------+----------+-------------------------------------------
     0 | D:1      | Zdenda the Demonspawn Monk began the quest for the Orb.
     0 | D:1      | Reached XP level 1. HP: 18/18 MP: 1/1
   549 | D:1      | Gained mutation: You regenerate a little health from kills.
                  | [demonic ancestry]
   549 | D:1      | Reached XP level 2. HP: 17/23 MP: 2/2
  1405 | D:2      | Found a faded altar of an unknown god.
  1471 | D:2      | Reached skill level 1 in Short Blades
  1471 | D:2      | Discovered your monstrous ancestry.
  1471 | D:2      | Gained mutation: You have a small tail. [demonic ancestry]
  1471 | D:2      | Reached XP level 3. HP: 30/30 MP: 3/3
  1739 | D:2      | Identified the +0 ring mail of Ined {Will+ Dex+2}
  1986 | D:3      | Noticed a centaur
  1994 | D:3      | Killed a centaur
  1995 | D:3      | Reached XP level 4. HP: 29/37 MP: 4/4
  1995 | D:3      | Reached XP level 5. HP: 33/42 MP: 5/5
  2098 | D:3      | Found a faded altar of an unknown god.
  2103 | D:3      | Found a bloodstained altar of Trog.
  2210 | D:3      | Identified the +0 leather armour of Complete Protection
                  | {-Cast Harm +Blink Dex+4}
  2232 | D:3      | Identified the +5 whip of Perfectionism {flame, rC+ Str+2
                  | Int+3}
  2490 | D:4      | Noticed a centaur
  2498 | D:4      | Killed a centaur
  2616 | D:4      | Found a transporter.
  2619 | D:4      | Noticed spaghetti's ghost (amateur OpCK)
  2827 | D:4      | Gained mutation: You regenerate health from kills. [demonic
                  | ancestry]
  2827 | D:4      | Reached XP level 6. HP: 34/49 MP: 6/6
  2995 | D:4      | Identified the +1 leather armour of Shadows and Fog {rPois
                  | MP+9}
  3313 | D:5      | Entered Level 5 of the Dungeon
  3449 | D:5      | Noticed Blork the orc
  3466 | D:5      | Killed Blork the orc
  3467 | D:5      | Reached skill level 5 in Fighting
  3467 | D:5      | Reached skill level 1 in Shields
  3476 | D:5      | Reached skill level 2 in Shields
  3702 | D:5      | Reached skill level 3 in Shields
  3702 | D:5      | Reached XP level 7. HP: 48/56 MP: 7/7
  3819 | D:5      | Reached skill level 4 in Shields
  3937 | D:5      | Identified the +0 helmet "Dettyele" {Harm rCorr Dex+2}
  4091 | D:5      | Reached skill level 5 in Shields
  4379 | D:6      | Noticed Edmund
  4379 | D:6      | Noticed Grinder
  4409 | D:6      | Killed Edmund
  4413 | D:6      | Killed Grinder
  4414 | D:6      | Reached skill level 6 in Shields
  4414 | D:6      | Gained mutation: You regenerate magic rapidly. [demonic
                  | ancestry]
  4414 | D:6      | Reached XP level 8. HP: 58/62 MP: 8/8
  4442 | D:6      | Found a sand-covered staircase.
  4464 | Ossuary  | Entered an ossuary
  4522 | Ossuary  | Reached skill level 7 in Shields
  4846 | D:6      | Noticed Eustachio
  4907 | D:6      | Killed Eustachio
  4972 | D:6      | Reached skill level 8 in Shields
  5086 | D:6      | Killed from afar by an electric eel

Illustrated notes

Levels and vault maps discovered:
D:1:      dpeg_cavernosity, layout_loops_ring
D:2:      layout_basic, dreamdust_ecumenical_altar_statues
D:3:      layout_rooms, nicolae_overflow_ecumenical_swirl, feat_on_display
D:4:      layout_loops_cross, gammafunk_ghost_mausoleum
D:5:      layout_loops_cross, uniq_blork_the_orc
D:6:      kennysheep_slugbush, layout_rooms, nicolae_ashenzari_skybound,
          nicolae_ossuary_entry_giza, serial_curves, eino_curves_01,
          eino_curves_02, uniq_grinder, uniq_edmund, uniq_eustachio

Skill      XL: |  1  2  3  4  5  6  7  8 |
---------------+-------------------------+-----
Fighting       | 4 5 |  5.0
Short Blades   | 1 3 4 |  4.5
Shields        | 3 6 8 |  8.2
Long Blades    | |  2.6
Dodging        | |  2.6
Stealth        | |  1.7

Action                   |  1- 3 |  4- 6 |  7- 9 || total
-------------------------+-------+-------+-------++-------
Melee: Falchion          |    32 |       |       ||    32
       Dagger            |   108 |   144 |   282 ||   534
       Punch             |     2 |     2 |     7 ||    11
       Tailslap          |     4 |    23 |    41 ||    68
Throw: Dart              |       |     1 |       ||     1
  Use: Scroll            |       |       |     8 ||     8
       Potion            |       |       |     3 ||     3
 Stab: Invisible         |       |       |     5 ||     5
Armor: Chain mail        |    63 |    52 |   220 ||   335
       Robe              |     4 |       |       ||     4
Dodge: Dodged            |    49 |    56 |   155 ||   260

Table legend: (Time is in decaauts)
 A = Elapsed time spent in this place.
 B = Non-inter-level travel time spent in this place.
 C = Inter-level travel time spent in this place.
 D = Time resting spent in this place.
 E = Time spent auto-exploring this place.
 F = Levels seen in this place.
 G = Mean time per level.
                   A        B        C        D        E       F      G
               +--------+--------+--------+--------+--------+-----+--------+
         Total |   4961 |   4823 |    138 |    835 |   2920 |   7 |  708.7 |
       Dungeon |   4633 |   4495 |    138 |    687 |   2838 |   6 |  772.2 |
       Ossuary |    328 |    328 |      0 |    148 |     82 |   1 |  328.0 |
               +--------+--------+--------+--------+--------+-----+--------+

Top non-repeatable levels by time:
     D:1: 1364 daAuts
     D:5: 1018 daAuts
     D:4: 849 daAuts
     D:2: 542 daAuts
     D:3: 529 daAuts
     D:6: 329 daAuts
 Ossuary: 328 daAuts
